 Dungeon Crawl Stone Soup version 0.14-a0-181-gf6fe0c6 (webtiles) character file.

125 PolkaDot the Ruffian (level 3, 0/35 HPs)
             Began as a Troll Death Knight on Oct 6, 2013.
             Was a Believer of Yredelemnul.
             Killed by divine providence
             ... invoked by an orc priest
              (14 damage)
             ... on Level 3 of the Dungeon.
             The game lasted 00:03:13 (1241 turns).

PolkaDot the Ruffian (Troll Death Knight)           Turns: 1241, Time: 00:03:13

HP   0/35        AC  5     Str 21      XL: 3   Next: 75%
MP   4/4         EV  9     Int  7      God: Yredelemnul [**....]
Gold 67          SH  0     Dex 10      Spells:  0 memorised,  2 levels left

Res.Fire  : . . .   See Invis. : .     - Unarmed
Res.Cold  : . . .   Warding    : .   b - +0 robe
Life Prot.: . . .   Conserve   : .   (shield restricted)
Res.Poison: .       Res.Corr.  : .   (helmet restricted)
Res.Elec. : .       Clarity    : .   (no cloak)
Sust.Abil.: . .     Spirit.Shd : .   (gloves unavailable)
Res.Mut.  : .       Stasis     : .   (boots unavailable)
Res.Rott. : .       Flight     : .   (no amulet)
Gourmand  : +                        (no ring)
                                     (no ring)

@: not resistant to hostile enchantments, unstealthy
A: unfitting armour, claws 3, fast metabolism 3, gourmand, regeneration 2,
saprovore 2, tough skin 2, AC +1
a: Animate Remains, Recall Undead Slaves, Injury Mirror, Renounce Religion


You were on level 3 of the Dungeon.
You worshipped Yredelemnul.
Yredelemnul was pleased with you.
You were completely stuffed.

You visited 1 branch of the dungeon, and saw 3 of its levels.

You collected 47 gold pieces.

Inventory:

Armour
 b - a +0 robe (worn)
Comestibles
 a - 2 meat rations
 i - a rotting chunk of hobgoblin flesh
 k - 3 chunks of jackal flesh
 m - a rambutan
 n - a lychee
 p - a rotting chunk of adder flesh
 q - a rotting chunk of bat flesh
 u - 2 chunks of hobgoblin flesh
Scrolls
 c - 3 scrolls of enchant weapon II {unknown}
 d - a scroll of identify {unknown}
 e - 3 scrolls of random uselessness {unknown}
 g - a scroll of curse weapon {unknown}
 l - a scroll of blinking {unknown}
 o - a scroll of curse armour {unknown}
 r - a scroll of remove curse {unknown}
 s - a scroll of amnesia {unknown}
Potions
 f - a potion of invisibility {unknown}
 h - a potion of resistance {unknown}
 j - a potion of mutation {unknown}
 t - a potion of heal wounds {unknown}


   Skills:
 + Level 2.1 Fighting
 - Level 1.2 Dodging
 * Level 3.7 Unarmed Combat
 - Level 2.4 Invocations


You had 2 spell levels left.
You didn't know any spells.

Dungeon Overview and Level Annotations

Branches:
Dungeon (3/27)

Altars:


Innate Abilities, Weirdness & Mutations

You are too large for most types of armour.
You have claws for hands.
Your metabolism is lightning-fast.
You like to eat raw meat.
You heal very quickly.
You can eat rotten meat.
You are covered in fur (AC +1).
You have very tough skin (AC +2).


Message History

No target in view!
No target in view!
An orc wizard comes into view. It is wielding an orcish dagger.
The orc wizard shouts!
An orc priest comes into view.
The orc priest shouts!
The orc wizard mumbles some strange words.
The orc wizard blinks!
An orc priest comes into view. It is wielding an orcish war axe.
The orc priest shouts!
A hobgoblin comes into view. It is wielding a club.
The orc priest calls down the wrath of Beogh upon you.
Pain shoots through your body!
An orc comes into view. It is wielding an orcish flail.
The orc priest calls down the wrath of Beogh upon you.
Something smites you!
The orc priest calls down the wrath of Beogh upon you.
Something smites you!
You die...
Your body rises from the dead as a mindless zombie.

###############
..............#
#####.<.......#
#.........#
#[......%.# #
#.........######.....
#...........@.....o..
#.......<....oog.....
##.######....###o...
#.# #...)# ... ..#
#....# . . #....#
#....# #.#.## .#.#


You could see 2 orc priests, an orc wizard, an orc and a hobgoblin.

Vanquished Creatures
  An adder (D:2)
  A giant mite (D:3)
  An ooze (D:1)
  2 giant cockroaches
  3 goblins (D:1)
  7 hobgoblins
  3 jackals (D:2)
  5 kobolds (D:1)
  10 bats
  A giant newt (D:2)
  5 rats
39 creatures vanquished.

Notes
Turn   | Place    | Note
--------------------------------------------------------------
     0 | D:1      | PolkaDot, the Troll Death Knight, began the quest for the Orb.
     0 | D:1      | Reached XP level 1. HP: 20/20 MP: 2/2
   256 | D:1      | Reached XP level 2. HP: 28/28 MP: 2/2
   693 | D:2      | Reached skill level 3 in Unarmed Combat
   793 | D:2      | Acquired Yredelemnul's second power
   793 | D:2      | Reached XP level 3. HP: 35/35 MP: 4/4
  1241 | D:3      | Killed from afar by an orc priest

Action                   || total
-------------------------++-------
Melee: Unarmed           ||   133
